 Dungeon Crawl Stone Soup version 0.27-a0-1193-g8631133539 (webtiles) character file.

Game seed: 11180490232735993825

592 Sweetruy1997 the Cutter (level 7, -1/57 HPs)
             Began as a Palentonga Fighter on May 26, 2021.
             Slain by an ogre
             ... wielding a +0 giant club
              (18 damage)
             ... on level 6 of the Dungeon.
             The game lasted 00:13:04 (5922 turns).

Sweetruy1997 the Cutter (Palentonga Fighter)        Turns: 5922, Time: 00:13:04

Health: -1/57      AC: 16    Str: 21    XL:     7   Next: 16%
Magic:  7/7        EV:  6    Int:  8    God:
Gold:   166        SH:  9    Dex: 10    Spells: 6/6 levels left

rFire    . . .     SeeInvis +   h - +4 short sword (venom)
rCold    . . .     Faith    .   c - +0 kite shield
rNeg     + . .     Spirit   .   b - +0 scale mail
rPois    .         Reflect  .   m - +0 helmet
rElec    .         Harm     .   (no cloak)
rCorr    .         Rampage  .   a - +0 pair of gloves
Will     .....                  (no barding)
Stlth    ..........             (no amulet)
HPRegen  0.19/turn              i - ring of positive energy
MPRegen  0.10/turn              (no ring)

@: curled up
A: large, rugged brown scales 3, see invisible, deformed body, roll 1, armoured
tail, reflexive curl
a: Rolling Charge


You were on level 6 of the Dungeon.
You visited 1 branch of the dungeon, and saw 6 of its levels.

You collected 166 gold pieces.

Inventory:

Hand Weapons
 h - a +4 short sword of venom (weapon)
Missiles
 l - 7 boomerangs
Armour
 a - a +0 pair of gloves (worn)
 b - a +0 scale mail (worn)
 c - a +0 kite shield (worn)
 m - a +0 helmet (worn)
Jewellery
 i - a ring of positive energy (left hand)
Wands
 j - a wand of flame (11)
 o - a wand of paralysis (7)
 p - a wand of iceblast (11)
Scrolls
 d - a scroll of amnesia {unknown}
 e - a scroll of fear {unknown}
 f - a scroll of fog
 g - a scroll of silence {unknown}
 k - 2 scrolls of teleportation
Potions
 n - 3 potions of brilliance {unknown}


   Skills:
 - Level 4.0 Fighting
 + Level 5.1 Short Blades
 - Level 3.6 Axes
 + Level 0.4 Throwing
 - Level 3.0 Armour
 - Level 1.0 Dodging
 + Level 0.1 Stealth
 - Level 3.0 Shields


You had 6 spell levels left.
You didn't know any spells.
Your spell library contained the following spells:

 Spells                   Type           Power      Damage    Failure   Level
 Apportation              Tloc           0%         N/A       99%         1
 Sandblast                Erth           0%         2d4       99%         1
 Passwall                 Tmut/Erth      0%         N/A       100%        2
 Stone Arrow              Conj/Erth      0%         3d7       100%        3
 Summon Guardian Golem    Hex/Summ       0%         N/A       100%        3
 Petrify                  Tmut/Erth      0%         N/A       100%        4
 Lee's Rapid Deconstruct  Erth           0%         3d5*      100%        5
 Summon Mana Viper        Hex/Summ       0%         N/A       100%        5
 Dispersal                Tloc           0%         N/A       100%        6


Dungeon Overview and Level Annotations

Branches:
Dungeon (6/15)
 Temple: D:4-7

Altars:
Dithmenos
Gozag
Xom

Shops:
D:2 ((


Innate Abilities, Weirdness & Mutations

You are completely covered in rugged brown scales. (AC +3, +7% HP)
You have supernaturally acute eyesight. (SInv)
Armour fits poorly on your strangely shaped body.
You can roll at nearby foes to attack.
You have a long armoured tail.
You curl defensively after being hit.


Message History

An orc comes into view. It is wielding a +0 whip.
The orc shouts!
You puncture the orc!
You kill the orc!
Found an embroidered cloak and 15 gold pieces.
The orc hits you with a +1 vorpal flail!
The centaur skeleton hits you but does no damage.
The centaur skeleton kicks you but does no damage.
The centaur skeleton hits you but does no damage.
You block the centaur skeleton's attack.
The centaur skeleton hits you but does no damage.
You block the centaur skeleton's attack.
The centaur skeleton barely misses you.
You block the centaur skeleton's attack.
You barely miss the orc. The centaur skeleton hits you.
The centaur skeleton kicks you but does no damage.
The orc hits you with a +1 vorpal flail.
You barely miss the orc. You tail-slap the orc.
The orc is almost dead.
The orc hits you with a +1 vorpal flail.
You hit the orc.
You kill the orc!
You block the centaur skeleton's attack.
The centaur skeleton kicks you but does no damage.
The orc hits you but does no damage. The orc hits you but does no damage.
Your shield prevents you from hitting the orc.
Your tail-slap misses the orc.
The orc hits you with a +0 short sword.
Your scale mail prevents you from hitting the orc.
You tail-slap the orc!
You kill the orc!
You block the ogre's attack.
You puncture the ogre!
The ogre is poisoned.
The ogre is moderately wounded.
The ogre hits you with a +0 giant club!
* * * LOW HITPOINT WARNING * * *
You hit the ogre. You tail-slap the ogre!
The ogre is almost dead.
The ogre hits you with a +0 giant club!!
You die...

##.............
##.........[..#
##.....$......##
#............##
##...........##
#..........###
......##..##
....#####).##########...
...## ##..##oO@.......
..## ##.o)Z######### ###
######


You could see an ogre (very poisoned), 2 orcs and a centaur skeleton.

Vanquished Creatures
  A centaur (D:5)
  A phantom (D:4)
  A wyvern zombie (D:3)
  An orc priest (D:5)
  A hound (D:4)
  2 iguanas
  An orc wizard (D:5)
  Robin (D:4)
  7 gnolls
  4 adders
  An adder skeleton (D:4)
  A worm (D:2)
  2 dart slugs
  16 orcs
  6 endoplasms
  6 giant cockroaches
  10 hobgoblins
  4 jackals (D:3)
  8 kobolds
  A quokka (D:3)
  6 ball pythons
  2 bats (D:1)
  3 frilled lizards
  16 goblins
  5 rats
107 creatures vanquished.

Notes
Turn   | Place    | Note
-------+----------+-------------------------------------------
     0 | D:1      | Sweetruy1997 the Palentonga Fighter began the quest for the
                  | Orb.
     0 | D:1      | Reached XP level 1. HP: 19/19 MP: 1/1
   294 | D:1      | Reached XP level 2. HP: 12/25 MP: 2/2
  1053 | D:2      | Found a shimmering altar of Xom.
  1064 | D:2      | Found Zaselusywn's Antique Weapon Emporium.
  1094 | D:2      | Reached XP level 3. HP: 31/31 MP: 3/3
  1396 | D:2      | Found Qur Ropn's Antique Weapon Shop.
  1838 | D:2      | Reached XP level 4. HP: 20/37 MP: 4/4
  2744 | D:3      | Reached XP level 5. HP: 35/43 MP: 5/5
  2947 | D:3      | Reached skill level 1 in Short Blades
  2947 | D:3      | Reached skill level 1 in Dodging
  3566 | D:3      | Found a large runed translucent door.
  3567 | D:3      | Found a large runed translucent door.
  3769 | D:3      | Found a shadowy altar of Dithmenos.
  3782 | D:3      | Found an opulent altar of Gozag.
  3954 | D:4      | Noticed Robin
  3972 | D:4      | Reached skill level 2 in Short Blades
  3991 | D:4      | HP: 2/44 [Robin/+0 spear (4)]
  3997 | D:4      | Killed Robin
  4272 | D:4      | Reached XP level 6. HP: 51/51 MP: 6/6
  4411 | D:4      | Identified the Guide on Spatial Hexes
  4514 | D:4      | Reached skill level 3 in Short Blades
  4681 | D:5      | Entered Level 5 of the Dungeon
  5128 | D:5      | Reached skill level 4 in Short Blades
  5371 | D:5      | Gained mutation: You curl defensively after being hit.
                  | [Palentonga growth]
  5371 | D:5      | Reached XP level 7. HP: 51/57 MP: 7/7
  5540 | D:5      | Reached skill level 5 in Short Blades
  5922 | D:6      | Slain by an ogre

Illustrated notes

Levels and vault maps discovered:
D:1:      eino_arrival_cavern_c, layout_basic, chequers_serial_rivers_small_a
D:2:      layout_loops_corners, serial_shops, nicolae_shop_trees, shop,
          basic_altar
D:3:      layout_basic, jmf_multi_god_temple2, kennysheep_generic_room_6
D:4:      layout_basic, uniq_robin
D:5:      layout_basic
D:6:      layout_cave_pods, nicolae_sif_muna_condensation, trog_ov_bears_minmay,
          minmay_temple_entry_waves, hellmonk_bongcloud_opening, uniq_sigmund

Skill      XL: |  1  2  3  4  5  6  7 |
---------------+----------------------+-----
Axes           | 3 |  3.6
Shields        | 3 |  3.0
Armour         | 3 |  3.0
Short Blades   | 2 4 5 |  5.1
Dodging        | 1 |  1.0
Fighting       | 4 |  4.0
Throwing       | |  0.4
Stealth        | |  0.1

Action                   |  1- 3 |  4- 6 |  7- 9 || total
-------------------------+-------+-------+-------++-------
Melee: War axe           |    94 |    35 |       ||   129
       Tailslap          |     9 |    18 |     7 ||    34
       Short sword       |       |   120 |    41 ||   161
Throw: Boomerang         |       |     7 |     2 ||     9
 Abil: Rolling Charge    |    18 |    15 |     6 ||    39
  Use: Potion            |     1 |     2 |       ||     3
       Scroll            |       |     3 |     1 ||     4
Armor: Scale mail        |    39 |    71 |    19 ||   129
Dodge: Dodged            |    20 |    39 |     9 ||    68
Block: Kite shield       |    35 |    69 |    24 ||   128

Table legend: (Time is in decaauts)
 A = Elapsed time spent in this place.
 B = Non-inter-level travel time spent in this place.
 C = Inter-level travel time spent in this place.
 D = Time resting spent in this place.
 E = Time spent auto-exploring this place.
 F = Levels seen in this place.
 G = Mean time per level.
                   A        B        C        D        E       F      G
               +--------+--------+--------+--------+--------+-----+--------+
         Total |   6029 |   5943 |     86 |   1982 |   3230 |   6 | 1004.8 |
       Dungeon |   6029 |   5943 |     86 |   1982 |   3230 |   6 | 1004.8 |
               +--------+--------+--------+--------+--------+-----+--------+

Top non-repeatable levels by time:
     D:3: 1851 daAuts
     D:2: 1265 daAuts
     D:5: 1119 daAuts
     D:1: 1090 daAuts
     D:4: 573 daAuts
     D:6: 128 daAuts
